 Dungeon Crawl Stone Soup version 0.24.0-35-gdb84b6a5db (webtiles) character file.

Game seed: 9337337444581316892, levelgen mode: deterministic

51 DildoBatman the Magician (level 4, 0/30 HPs)
             Began as a Formicid Wizard on Nov 20, 2019.
             Slain by an adder (2 damage)
             ... on level 2 of the Dungeon.
             The game lasted 00:03:41 (2053 turns).

DildoBatman the Magician (Formicid Wizard)          Turns: 2053, Time: 00:03:41

Health: 0/30       AC:  2    Str: 12    XL:     4   Next: 7%
Magic:  8/8        EV: 12    Int: 18    God:
Gold:   30         SH:  0    Dex:  9    Spells: 2/9 levels left

rFire    . . .     SeeInvis +   b - +0 dagger
rCold    . . .     Gourm    .   (no shield)
rNeg     . . .     Faith    .   a - +0 robe
rPois    .         Spirit   .   (helmet unavailable)
rElec    .         Reflect  .   (no cloak)
rCorr    .         Harm     .   (no gloves)
MR       .....                  (no boots)
Stlth    ++........             (no amulet)
HPRegen  0.10/turn              (no ring)
MPRegen  0.11/turn              (no ring)

@: no status effects
A: permanent stasis, dig shafts and tunnels, four strong arms, antennae 3
a: Dig, Shaft Self


You were on level 2 of the Dungeon.
You were not hungry.

You visited 1 branch of the dungeon, and saw 2 of its levels.

You collected 30 gold pieces.

Inventory:

Hand Weapons
 b - a +0 dagger (weapon)
 e - a +0 hunting sling
 k - a +2 hand axe of freezing
Missiles
 l - 73 stones (quivered)
Armour
 a - a +0 robe (worn)
Magical Staves
 n - an uncursed staff of wizardry {unknown}
Scrolls
 c - 2 scrolls of remove curse {unknown}
 g - 2 scrolls of teleportation {unknown}
 j - a scroll of fog {unknown}
Potions
 d - a potion of heal wounds {unknown}
 h - a potion of resistance {unknown}
 i - a potion of curing {unknown}
 m - a potion of agility {unknown}
 o - a potion of haste {unknown}
 p - a potion of brilliance {unknown}
Comestibles
 f - a chunk of flesh
 v - 2 rations


   Skills:
 - Level 1.7 Dodging
 - Level 2.4 Stealth
 - Level 3.2 Spellcasting
 * Level 3.2 Conjurations
   Level 1.0 Summonings
   Level 0.8 Translocations


You had 2 spell levels left.
You knew the following spells:

 Your Spells              Type           Power        Failure   Level  Hunger
a - Conjure Flame         Conj/Fire      #.......     24%         3    ###....
c - Magic Dart            Conj           ##..         4%          1    None
e - Mephitic Cloud        Conj/Pois/Air  #.......     30%         3    ###....

Your spell library contained the following spells:

 Spells                   Type           Power        Failure   Level  Hunger
 Apportation              Tloc           #.....       11%         1    None
 Summon Small Mammal      Summ           #...         11%         1    None
 Animate Skeleton         Necr           N/A          16%         1    None
 Confusing Touch          Hex            #.....       16%         1    None
 Call Imp                 Summ           #.......     16%         2    ##.....
 Slow                     Hex            #.......     24%         2    ##.....
 Blink                    Tloc           Unusable     N/A         2    N/A

Dungeon Overview and Level Annotations

Branches:
Dungeon (2/15)

Altars:


Innate Abilities, Weirdness & Mutations

You cannot be hasted, slowed, berserked, paralysed or teleported.
You can dig through walls and to a lower floor.
Your four strong arms can wield two-handed weapons with a shield.
You have a pair of large antennae on your head. (SInv)


Message History

Anything else - Cancel.
You shout for attention!
The adder bites you. What are your orders? t - Shout!
Orders for allies: a - Attack new target. r - Retreat! s - Stop attacking. g - Guard the area. f - Follow me.
Anything else - Cancel.
You shout for attention!
The adder bites you. x2
What are your orders? t - Shout!
Orders for allies: a - Attack new target. r - Retreat! s - Stop attacking. g - Guard the area. f - Follow me.
Anything else - Cancel.
You shout for attention!
The adder bites you.
You die...

.........[.##.#
.....##.......# #
##...##..###..###.##.#
##............<.....#
#..###..#..#########
###..###..#..###
.....#....#....#
###.รท#.#######.####
..>..#....#.....@.#
####.#.##.#.#####S#
#.#..##.#.# K#
#.###.##...# .# #.#
##.#.### .#
##.###.##.# .#
......###.# ..
.###......# { ..
#.######


You could see an adder and a kobold.

Vanquished Creatures
  2 worms (D:2)
  2 dart slugs
  4 bats
  2 giant cockroaches (D:1)
  5 goblins
  10 hobgoblins
  2 kobolds (D:1)
  A quokka (D:2)
  4 frilled lizards
  7 rats (D:1)
39 creatures vanquished.

Notes
Turn   | Place    | Note
-------+----------+-------------------------------------------
     0 | D:1      | DildoBatman the Formicid Wizard began the quest for the
                  | Orb.
     0 | D:1      | Reached XP level 1. HP: 13/13 MP: 4/4
    37 | D:1      | Reached skill level 1 in Conjurations
   210 | D:1      | Reached XP level 2. HP: 10/19 MP: 4/6
   913 | D:1      | Reached XP level 3. HP: 24/24 MP: 3/7
   919 | D:1      | Learned a level 3 spell: Conjure Flame
   923 | D:1      | Learned a level 3 spell: Mephitic Cloud
  1922 | D:2      | Reached XP level 4. HP: 19/30 MP: 2/8
  2053 | D:2      | Slain by an adder

Levels and vault maps discovered:
D:1:      mrwooster_arrival_statue, layout_basic
D:2:      layout_loops_ring, first_ration

Skill      XL: |  1  2  3 |
---------------+----------+-----
Conjurations   | 1 2 3 |  3.2
Dodging        | |  1.7
Stealth        | |  2.4
Spellcasting   | |  3.2
Summonings     | |  1.0
Translocations | |  0.8

Action                   |  1- 3 |  4- 6 || total
-------------------------+-------+-------++-------
Melee: Dagger            |    27 |     8 ||    35
       Unarmed           |     2 |       ||     2
 Cast: Magic Dart        |    86 |     2 ||    88
       Mephitic Cloud    |     1 |       ||     1
 Abil: Dig               |     3 |       ||     3
 Stab: Confused          |     1 |       ||     1
  Eat: Chunk             |     3 |     1 ||     4
Armor: Robe              |    15 |    27 ||    42
Dodge: Dodged            |    26 |    47 ||    73
